 Dungeon Crawl Stone Soup version 0.23.2-1-ga50397a (webtiles) character file.

Game seed: 14272731279490083291

771 Kairos the Insei (level 7, 0/45 HPs)
             Began as an Octopode Transmuter on Apr 25, 2019.
             Was a Follower of Okawaru.
             Shot with an arrow by a centaur (12 damage)
             ... on level 5 of the Dungeon.
             The game lasted 00:06:35 (5000 turns).

Kairos the Insei (Octopode Transmuter)              Turns: 5000, Time: 00:06:36

Health: 0/45       AC:  1    Str: 11    XL:     7   Next: 83%
Magic:  11/11      EV: 14    Int: 15    God:    Okawaru [*.....]
Gold:   187        SH:  0    Dex: 13    Spells: 10/11 levels left

rFire    . . .     SeeInvis .     - Unarmed
rCold    . . .     Gourm    .   (no shield)
rNeg     . . .     Faith    .   (helmet restricted)
rPois    .         Spirit   .   (no amulet)
rElec    .         Reflect  .   (no ring)
rCorr    .         Harm     .   (no ring)
MR       .....                  (no ring)
Stlth    ++++......             (no ring)
HPRegen  0.15/turn              (no ring)
MPRegen  0.12/turn              (no ring)
                                (no ring)
                                (no ring)

@: no status effects
A: almost no armour, stealthy swim, amphibious, 8 rings, constrict 8, camouflage
1, gelatinous body 1
a: Heroism, Renounce Religion


You were on level 5 of the Dungeon.
You worshipped Okawaru.
Okawaru was aware of your devotion.
You were not hungry.

You visited 1 branch of the dungeon, and saw 5 of its levels.

You collected 187 gold pieces.

Inventory:

Missiles
 a - 43 arrows
Wands
 l - a wand of iceblast (5)
Scrolls
 b - 2 scrolls of fear {unknown}
 e - 2 scrolls of identify
 f - a scroll of enchant weapon {unknown}
 g - 3 scrolls of remove curse
 i - a scroll of enchant armour {unknown}
 j - 5 scrolls of teleportation
Potions
 d - 4 potions of flight
 h - a potion of lignification
 k - a potion of magic {unknown}
 m - a potion of haste {unknown}
Comestibles
 c - 7 rations
 n - 5 chunks of flesh


   Skills:
 + Level 2.2 Fighting
 + Level 3.3 Dodging
 + Level 4.9 Stealth
 * Level 6.8 Unarmed Combat
 + Level 2.8 Spellcasting
 + Level 2.5 Transmutations


You had 10 spell levels left.
You knew the following spells:

 Your Spells              Type           Power        Failure   Level  Hunger
a - Beastly Appendage     Tmut           #.....       8%          1    #......

Your spell library contained the following spells:

 Spells                   Type           Power        Failure   Level  Hunger
 Sticks to Snakes         Tmut           #.......     11%         2    ##.....
 Spider Form              Tmut/Pois      #.........   36%         3    ###....
 Ice Form                 Ice/Tmut       #.......     77%         4    #####..
 Blade Hands              Tmut           #.........   90%         5    ######.


Dungeon Overview and Level Annotations

Branches:
Dungeon (5/15)
 Temple: D:4-7

Altars:
Dithmenos
Okawaru
Trog


Innate Abilities, Weirdness & Mutations

You cannot wear most types of armour.
You are very stealthy in the water. (Stealth+)
You are amphibious.
You can wear up to eight rings at the same time.
You can use your tentacles to constrict eight enemies at once.
Your skin changes colour to match your surroundings (Stealth+).
Your rubbery body absorbs attacks. (AC +1, EV +1)


Message History

You start resting.
Eating one of 6 chunks of flesh.
You eat one of the 6 chunks of flesh.
This raw flesh tastes terrible.
Magic restored.
You start resting.
Your tentacle spike disappears.
You start resting.
Your magical contamination has completely faded away.
You start resting.
A centaur comes into view.
A centaur is nearby!
A centaur is nearby!
A centaur is nearby!
The centaur shouts!
You hear a shout!
The centaur wields a +0 shortbow.
The centaur shoots an arrow.
The arrow hits you!
The centaur shoots an arrow.
The arrow barely misses you.
The centaur shoots an arrow.
The arrow hits you.
* * * LOW HITPOINT WARNING * * *
The centaur shoots an arrow.
The arrow hits you!
You die...

. ... ## #.#####
####.####.##..#
..............@.(#
...........c.....#
.........?......#
#..##.........)#
##..##..........#
#...............#
...#...............#
...#...............#
...#...............#


You could see a centaur.

Vanquished Creatures
  2 ogres
  A bullfrog (D:2)
  3 scorpions (D:4)
  A centaur zombie (D:5)
  A centaur skeleton (D:5)
  A hound (D:5)
  An orc wizard (D:3)
  2 iguanas (D:4)
  2 worker ants (D:4)
  5 adders
  A shadow imp (D:5)
  An ooze (D:2)
  3 worms
  2 dart slugs (D:1)
  4 leopard geckos
  7 orcs
  16 bats
  2 giant cockroaches
  10 goblins
  8 hobgoblins
  5 jackals
  8 kobolds
  2 quokkas (D:2)
  15 frilled lizards
  8 rats
111 creatures vanquished.

Notes
Turn   | Place    | Note
-------+----------+-------------------------------------------
     0 | D:1      | Kairos the Octopode Transmuter began the quest for the Orb.
     0 | D:1      | Reached XP level 1. HP: 13/13 MP: 3/3
    26 | D:1      | Reached XP level 2. HP: 8/18 MP: 3/5
   740 | D:1      | Reached XP level 3. HP: 12/23 MP: 4/6
  1124 | D:1      | Reached skill level 1 in Stealth
  1624 | D:2      | Reached XP level 4. HP: 27/28 MP: 5/7
  2058 | D:2      | Noticed a bullfrog
  2067 | D:2      | Killed a bullfrog
  2067 | D:2      | Reached skill level 4 in Unarmed Combat
  2067 | D:2      | Reached XP level 5. HP: 32/33 MP: 5/8
  2115 | D:2      | Found an iron altar of Okawaru.
  2286 | D:2      | Became a worshipper of Warmaster Okawaru
  3112 | D:3      | Found a bloodstained altar of Trog.
  3385 | D:3      | Reached XP level 6. HP: 22/38 MP: 10/10
  3545 | D:4      | Found a shadowy altar of Dithmenos.
  3578 | D:4      | Reached skill level 5 in Unarmed Combat
  3879 | D:4      | Reached XP level 7. HP: 18/45 MP: 9/11
  4247 | D:4      | Reached * piety under Okawaru
  4301 | D:4      | Reached skill level 6 in Unarmed Combat
  4841 | D:5      | Entered Level 5 of the Dungeon
  5000 | D:5      | Shot with an arrow by a centaur

Skill      XL: |  1  2  3  4  5  6  7 |
---------------+----------------------+-----
Stealth        | 1 2 3 4 |  4.9
Unarmed Combat | 4 5 6 |  6.8
Dodging        | 3 |  3.3
Fighting       | 2 |  2.2
Spellcasting   | |  2.8
Transmutations | |  2.5

Action                   |  1- 3 |  4- 6 |  7- 9 || total
-------------------------+-------+-------+-------++-------
Melee: Unarmed           |    87 |   121 |    33 ||   241
       Constrict         |    28 |    42 |     5 ||    75
       Tentacles         |    13 |    21 |     6 ||    40
       Kick              |     3 |    11 |     3 ||    17
       Punch             |       |     4 |     3 ||     7
 Cast: Beastly Appendage |     6 |     8 |     3 ||    17
Evoke: Wand              |       |     1 |       ||     1
  Use: Scroll            |     3 |       |       ||     3
       Potion            |     1 |     2 |       ||     3
 Stab: Sleeping          |     7 |    13 |     4 ||    24
  Eat: Chunk             |     2 |     7 |     4 ||    13
Armor: Skin              |     9 |    22 |       ||    31
Dodge: Dodged            |    71 |    72 |    21 ||   164
